 Dungeon Crawl Stone Soup version 0.17.1-3-g152610e (webtiles) character file.

24 Romlok the Gusty (level 3, -1/18 HPs)
             Began as a Vine Stalker Air Elementalist on Apr 23, 2016.
             Succumbed to a goblin's poison
             ... on level 1 of the Dungeon.
             The game lasted 00:12:53 (616 turns).

Romlok the Gusty (Vine Stalker Air Elementalist)     Turns: 616, Time: 00:12:54

Health: -1/18      AC:  2    Str: 10    XL:     3   Next: 2%
Magic:  0/7        EV: 17    Int: 15    God:
Gold:   49         SH:  0    Dex: 20    Spells: 3 memorised, 2 levels left

rFire  . . .     SeeInvis .     f - +0 mace
rCold  . . .     Clarity  .     a - +0 robe
rNeg   . . .     SustAt   .     (no shield)
rPois  .         Gourm    .     (no helmet)
rElec  .         Spirit   +     (no cloak)
rCorr  .         Warding  .     (no gloves)
rMut   .         Stasis   .     (no boots)
MR     .....                    j - amulet of rage
Stlth  +++.......               (no ring)
                                (no ring)

@: agile, lethally poisoned (-1 -> -15), not resistant to hostile enchantments,
fairly stealthy
A: fangs 2, regeneration 1, magic shield, antimagic bite, no device heal 3, rot
immunity
a: Evoke Berserk Rage


You were on level 1 of the Dungeon.
You were not hungry.

You visited 1 branch of the dungeon, and saw 2 of its levels.

You collected 49 gold pieces.

Inventory:

Hand Weapons
 f - a +0 mace (weapon)
Missiles
 k - 14 stones (quivered)
Armour
 a - a +0 robe (worn)
 g - a +0 buckler
Jewellery
 j - an amulet of rage (around neck)
Scrolls
 h - a scroll of enchant armour
Books
 b - a book of Air

   Spells                             Type                      Level
   a - Shock                          Conjuration/Air              1
   b - Swiftness                      Charms/Air                   2
   c - Repel Missiles                 Charms/Air                   2
   d - Static Discharge               Conjuration/Air              3
   e - Lightning Bolt                 Conjuration/Air              5
Comestibles
 c - 2 bread rations
 d - 5 chunks of flesh


   Skills:
 * Level 1.1 Fighting
 - Level 1.5 Dodging
 - Level 2.4 Stealth
 * Level 0.1 Shields
 + Level 2.5 Spellcasting
 - Level 1.0 Conjurations
 + Level 3.4 Air Magic


You had 2 spell levels left.
You knew the following spells:

 Your Spells              Type           Power        Failure   Level  Hunger
a - Shock                 Conj/Air       #...         12%         1    #......
f - Repel Missiles        Chrm/Air       #.....       17%         2    ###....
g - Swiftness             Chrm/Air       #.......     17%         2    ###....


Dungeon Overview and Level Annotations

Branches:
Dungeon (2/15)

Altars:

Annotations:
D:2 Robin


Innate Abilities, Weirdness & Mutations

You have extremely sharp teeth.
Your natural rate of healing is unusually fast.
When hurt, damage is shared between your health and your magic reserves.
Your bite disrupts and absorbs the magic of your enemies.
Potions and wands cannot restore your health.
You are immune to rotting.


Message History

The ball python bites you but does no damage.
The ball python barely misses you.
The goblin hits you with a dagger of venom.
You are poisoned.
The ooze closely misses you.
Drink which item? (? for menu, Esc to quit)
You feel agile all of a sudden.
You feel sick. The hobgoblin hits you with a club.
* * * LOW HITPOINT WARNING * * *
The ball python misses you. x2
The goblin completely misses you. The ooze hits you.
* * * LOW HITPOINT WARNING * * *
* * * LOW HITPOINT WARNING * * *
You feel sick.
The ball python bites you but does no damage.
The ball python completely misses you.
The goblin hits you with a dagger of venom.
* * * LOW HITPOINT WARNING * * *
You are more poisoned.
You die...

..........#####...............#
...##........#................###
.......###[....#................#
........#..#.#...............####
..#####....#...###......####.#
..#####..................# #.####
.....##........####....#.# #.....
...#..........g#####..##.# #.####
.............Jg.@........###....#
............#.S.##.#.##..>.......
......##...####...........#####..
......###.## ###.........#######
......# ### ##...............
......# #####....####### .....##
#....# ....## #....# #..## ######


You could see an ooze, a hobgoblin (frenzied), a goblin (frenzied) and a ball
python.

Vanquished Creatures
  An adder (D:1)
  A hobgoblin (D:1)
  7 jackals (D:1)
  3 bats (D:1)
  A goblin (D:1)
  5 rats (D:1)
18 creatures vanquished.

Notes
Turn   | Place    | Note
--------------------------------------------------------------
     0 | D:1      | Romlok the Vine Stalker Air Elementalist began the quest for the Orb.
     0 | D:1      | Reached XP level 1. HP: 9/9 MP: 4/4
   134 | D:1      | Reached XP level 2. HP: 14/14 MP: 3/6
   186 | D:1      | Reached skill level 1 in Fighting
   451 | D:1      | Learned a level 2 spell: Repel Missiles
   454 | D:1      | Learned a level 2 spell: Swiftness
   519 | D:1      | Reached XP level 3. HP: 6/18 MP: 0/7
   609 | D:2      | Noticed Robin
   616 | D:1      | Succumbed to a goblin's poison

Action                   || total
-------------------------++-------
Melee: Mace              ||    11
Throw: Stone             ||     5
 Cast: Shock             ||    22
       Swiftness         ||     1
  Use: Potion            ||     5
       Scroll            ||     1
